AoeStats
← alexisvaldezgervacio8

Oasis

510255853Analyzed
2v2 RM · 20h ago on Sep 30, 2026· 53m 30s· 4 players
Game mode
Random Map
Map size
Medium (4 player)
Population
200
Speed
Normal
Resources
Standard
Victory
Conquest
Starting age
Dark Age
Ending age
Imperial Age
RankedLock teamsTeams togetherTeam positionsShared explorationLock speedFull tech treeHidden civsTurbo modeCheats
Victory
Defeat
🇳🇿 Koreans · New Zealand
1158
+15
1064
+18
🇺🇸 Italians · United States
1145
-17
🇺🇸 Franks · United States
1105
-16
Boooonne Sawwww
7:21 Loom
10:15 Feudal Age
12:43 Double-Bit Axe
15:14 Fletching
19:59 Castle Age
18:16 Padded Archer Armor
19:33 Horse Collar
20:16 Crossbowman
21:04 Bodkin Arrow
40:11 Imperial Age
42:57 Chemistry
46:18 Bracer
46:34 Leather Archer Armor
46:31 Forging
46:21 Scale Mail Armor
46:27 Scale Barding Armor
46:18 Light Cavalry
46:59 Husbandry
47:09 Bloodlines
47:12 Elite Genoese Crossbowman
50:58 Wheelbarrow
50:09 Town Watch
50:36 Hussar
Anaducks1015
7:45 Loom
11:09 Feudal Age
18:48 Scale Barding Armor
22:28 Castle Age
25:18 Fortified Wall
26:04 Wheelbarrow
25:56 Stone Mining
26:23 Double-Bit Axe
28:08 Gold Mining
33:09 Chain Barding Armor
37:21 Ballistics
42:46 Imperial Age
41:18 Murder Holes
43:22 Cavalier
Boar_Hunter_Victim
6:06 Loom
8:58 Feudal Age
10:49 Double-Bit Axe
14:48 Fletching
15:16 Horse Collar
20:21 Castle Age
19:37 Gold Mining
19:43 Stone Mining
21:15 Bow Saw
20:27 Crossbowman
25:00 Bodkin Arrow
27:31 Wheelbarrow
27:27 Scale Barding Armor
28:03 Arson
28:18 Squires
28:22 Scale Mail Armor
44:02 Imperial Age
41:31 Arson
42:12 Chain Mail Armor
43:42 Stone Shaft Mining
43:45 Gold Shaft Mining
44:24 Arbalester
46:29 Bracer
48:18 Chemistry
49:03 Two-Man Saw
48:44 Plate Mail Armor
49:05 Forging
49:02 Treadmill Crane
49:47 Ballistics
50:31 Hand Cart
50:01 Town Watch
51:21 Iron Casting
53:02 Capped Ram
alexisvaldezgervacio8
8:02 Loom
11:15 Feudal Age
16:41 Castle Age
15:48 Double-Bit Axe
17:22 Wheelbarrow
32:11 Imperial Age
31:32 Elite Skirmisher
32:20 Fletching
32:30 Padded Archer Armor
33:24 Conscription
34:29 Ballistics
36:31 Bodkin Arrow
36:57 Bloodlines
36:48 Husbandry
37:59 Light Cavalry
39:03 Horse Collar
39:40 Bow Saw
41:07 Heavy Plow
40:58 Town Watch
41:29 Hand Cart
42:27 Forging
43:24 Scale Barding Armor
44:03 Bracer
45:24 Chemistry
44:29 Siege Engineers
45:51 Two-Man Saw
45:12 Hussar
47:19 Iron Casting
46:59 Leather Archer Armor
47:05 Chain Barding Armor
50:49 Elite Jarl
50:51 Gothikon
50:55 Vendel Legacy
52:29 Crop Rotation
52:47 Ring Archer Armor
53:20 Blast Furnace
53:42 Plate Barding Armor
Connection lost

Rejoining the realm…

Still unreachable

The connection could not be restored.

Session expired

The server has moved on; the page needs a fresh start.